 Dungeon Crawl Stone Soup version 0.18-a0-1730-g73f0523 (webtiles) character file.

21120 namelastname112 the Carver (level 12, 0/142 HPs)
             Began as a White Draconian Chaos Knight on Apr 11, 2016.
             Slain by a flayed ghost (12 damage)
             ... summoned by a minotaur
             ... in a labyrinth.
             The game lasted 00:33:21 (20259 turns).

namelastname112 the Carver (DrCK)                  Turns: 20259, Time: 00:33:22

Health: 0/142      AC: 26    Str: 19 (20) XL:     12   Next: 51%
Magic:  18/18      EV:  2    Int: 14      God:    Xom [.*....]
Gold:   1326       SH: 11    Dex: 13 (14) Spells: 0 memorised, 11 levels left

rFire  . . .     SeeInvis +     I - +3 scimitar
rCold  . . .     Gourm    .     (armour unavailable)
rNeg   + + +     Faith    .     n - +0 shield
rPois  +         Spirit   .     (helmet currently unavailable)
rElec  .         Dismiss  .     (cloak currently unavailable)
rCorr  .         Reflect  .     (gloves currently unavailable)
SustAt .         Harm     .     (boots currently unavailable)
MR     .....     NoTele   +     p - amulet of rage
Stlth  ++........               (no ring)
                                w - ring of positive energy

@: agile, exhausted, tree-form, vulnerable, flayed, slowed, very slow, not
resistant to hostile enchantments, unstealthy
A: (breathe frost), unfitting armour, (big wings), (stinger 0), see invisible,
clumsy 2, (cold resistance 0), deterioration 1, frail 1, mutation resistance 1,
strong 2, (cold-blooded), subdued magic 1, AC +8
a: Renounce Religion, Evoke Berserk Rage


You were in a labyrinth.
You worshipped Xom.
You were a plaything of Xom.
You were hungry.
You were a tree.
You visited 1 branch of the dungeon, and saw 13 of its levels.
You also visited: Labyrinth.

You collected 1620 gold pieces.
You spent 288 gold pieces at shops.

Inventory:

Hand Weapons
 a - a +0 falchion of chaos
 I - a +3 scimitar (weapon)
Missiles
 K - 6 javelins
 P - 8 poisoned tomahawks (quivered)
Armour
 n - a +0 shield (worn)
 x - a +2 pair of gloves of archery (melded)
Jewellery
 l - an uncursed amulet of regeneration
 p - an amulet of rage (around neck)
 w - a ring of positive energy (left branch)
Wands
 c - a wand of acid (7/15)
 i - a wand of random effects (27/48)
 y - a wand of flame (28/48)
 A - a wand of teleportation (4/9)
 D - a wand of lightning (0/15)
 G - a wand of slowing (27/48)
 H - a wand of confusion (0/48)
 N - a wand of acid (0/15)
 Q - a wand of random effects (17/48)
 R - a wand of enslavement (12/24)
 S - a wand of acid (5/15)
 T - a wand of confusion (11/48)
Scrolls
 d - a scroll of enchant armour
 f - 4 scrolls of immolation
 k - 2 scrolls of magic mapping
 m - 2 scrolls of teleportation
 r - 3 scrolls of remove curse
 v - 2 scrolls of amnesia
 C - 2 scrolls of recharging
 E - 2 scrolls of identify
 F - a scroll of fog
 M - a scroll of random uselessness {unknown}
Potions
 h - 2 potions of curing
 j - a potion of brilliance
 o - 2 potions of lignification
 q - a potion of agility
 t - 3 potions of flight
 u - a potion of might
 z - 3 potions of magic
 B - 2 potions of haste
 O - a potion of mutation
Books
 e - a book of the Sky

   Spells                             Type                      Level
   a - Summon Lightning Spire         Summoning/Air                4
   b - Airstrike                      Air                          4
   c - Silence                        Hexes/Air                    5
   d - Deflect Missiles               Charms/Air                   6
   e - Conjure Ball Lightning         Conjuration/Air              6
   f - Tornado                        Air                          9
 J - a book of Minor Magic

   Spells                             Type                      Level
   a - Magic Dart                     Conjuration                  1
   b - Blink                          Translocation                2
   c - Call Imp                       Summoning                    2
   d - Repel Missiles                 Charms/Air                   2
   e - Slow                           Hexes                        2
   f - Conjure Flame                  Conjuration/Fire             3
   g - Mephitic Cloud                 Conjuration/Poison/Air       3
Miscellaneous
 L - a lamp of fire (inert)
Comestibles
 b - 5 bread rations


   Skills:
 + Level 9.8 Fighting
 + Level 11.5 Long Blades
 * Level 5.3 Throwing
 + Level 8.5 Dodging
 + Level 8.2 Shields
 + Level 8.3 Evocations


You had 11 spell levels left.
You didn't know any spells.

Dungeon Overview and Level Annotations

Branches:
Dungeon (13/15)            Temple (0/1) D:4            Lair (0/8) D:8
    Orc (0/2) D:9
 Vaults: D:13-14

Altars:
Dithmenos
Elyvilon
Fedhas
Gozag
Makhleb
Nemelex Xobeh
Pakellas
Qazlal
Ru
Sif Muna
Xom
Yredelemnul
Zin
The Shining One

Shops:
D:10 (

Annotations:
D:13 exclusion: orange crystal statue, Kirke


Innate Abilities, Weirdness & Mutations

((You can breathe waves of freezing cold.))
((You can buffet flying creatures when you breathe cold.))
((Your icy white scales are hard (AC +8).))
Your body does not fit into most forms of armour.
((Your flesh is cold resistant.))
((You are cold-blooded and may be slowed by cold attacks.))
((Your large and strong wings let you fly indefinitely.))
((Your tail ends in a poisonous barb.))
You have supernaturally acute eyesight.
You are very clumsy. (Dex -4)
Your body sometimes deteriorates upon taking damage.
You are frail (-10% HP).
You are somewhat resistant to further mutation.
Your muscles are very strong. (Str +4)
Your spells are a little easier to cast, but a little less powerful.


Message History

You hear a mighty clap of thunder!
The bolt of lightning misses the flayed ghost.
The bolt of lightning hits the cyclops.
The cyclops is almost dead.
Evoking this partially-identified wand wasted a few charges.
The flayed ghost hits you!
* * * LOW HITPOINT WARNING * * *
Evoke which item? (* to show all) (? for menu, Esc to quit)
Zapping:
D - a wand of lightning {zapped: 8} (will waste charges)
Press: ? - help, Shift-Dir - straight line, f - minotaur, p - cyclops
Aim: a minotaur, wielding a rod of shadows, wearing a dazzling plate armour, wearing a dazzling shield and wearing a twitching granite ring Nothing appears to happen.
The flayed ghost hits you but does no damage.
Evoke which item? (* to show all) (? for menu, Esc to quit)
Okay, then.
You slash the flayed ghost!
The flayed ghost is almost destroyed.
The flayed ghost hits you but does no damage.
The flayed ghost hits you!
You die...

.# #.
. . .
. . #
## .#
# . .
#W ..
.#
#.###
.
....
#
##Y.#
# .
#C# #
#.# #
#W#
.##
## .
#♣# §
..#
###
.###
# . #
#..
#. #.
#. #.
.C
....
. .<
. ##
.. K#
. . #
# ≈ .
# .#
# #


You could see a flayed ghost, a cyclops and a sheep.

Vanquished Creatures
  A great orb of eyes (D:12)
  Urug (D:10)
  3 hill giants
  A cyclops (D:11)
  2 ugly things
  2 gargoyles
  A kobold demonologist (D:11)
  2 trolls
  Grinder (D:3)
  A minotaur skeleton (Lab)
  A raiju (D:11)
  Sigmund (D:3)
  2 redbacks (Lab)
  2 spriggans
  2 shadows (Lab)
  2 wraiths
  9 yaks
  9 hungry ghosts
  3 hogs (D:13)
  3 hippogriffs
  4 vampire mosquitoes (D:11)
  A warg (D:9)
  A water moccasin (D:9)
  7 orc warriors
  A black bear (D:11)
  4 ice beasts
  3 sky beasts
  6 necrophages (D:8)
  A wasp (D:6)
  14 ogres
  A boggart (D:2)
  15 centaurs
  2 big kobolds
  5 giant frogs
  A wyvern zombie (D:8)
  A gnoll sergeant (D:11)
  A water moccasin zombie (D:8)
  2 scorpions
  3 killer bees (D:11)
  13 wights
  A spriggan skeleton (Lab)
  7 crimson imps
  3 centaur zombies
  7 orc priests
  5 centaur skeletons
  2 giant frog skeletons
  9 hounds
  14 orc wizards
  Jessica (D:2)
  2 iguanas
  Natasha (twice) (D:2)
  12 worker ants
  2 killer bee zombies (D:7)
  A hound zombie (D:8)
  A hound skeleton (D:3)
  2 mummies (D:8)
  2 worker ant zombies
  Robin (D:2)
  14 adders
  15 gnolls
  2 shadow imps
  An ooze (D:3)
  2 adder zombies
  An adder skeleton (D:10)
  2 worms
  A dart slug (D:3)
  3 giant geckos (D:7)
  53 orcs
  4 giant cockroaches
  18 goblins
  7 hobgoblins
  15 jackals
  17 kobolds
  4 quokkas
  A ball python (D:1)
  6 bats
  A giant gecko zombie (D:5)
  7 giant newts
  A jackal skeleton (D:5)
  14 rats
  A spectral orc (D:2)
399 creatures vanquished.

Vanquished Creatures (collateral kills)
  Ijyb (D:2)
  A goblin (D:2)
  A kobold (D:2)
3 creatures vanquished.

Vanquished Creatures (others)
  A death knight (D:12)
  An unseen horror (D:12)
  2 freezing wraiths (D:12)
  An orc warrior (D:12)
  An orc priest (D:12)
  2 orc wizards (D:12)
  A withered plant (D:8)
9 creatures vanquished.

Grand Total: 411 creatures vanquished

Notes
Turn   | Place    | Note
--------------------------------------------------------------
     0 | D:1      | namelastname112 the Draconian Chaos Knight began the quest for the Orb.
     0 | D:1      | Reached XP level 1. HP: 19/19 MP: 1/1
    59 | D:1      | XOM: silly message
   187 | D:1      | XOM: divination: magic mapping
   279 | D:1      | XOM: harmless Air miscast
   395 | D:1      | Reached XP level 2. HP: 23/26 MP: 2/2
  1148 | D:2      | Noticed Ijyb
  1159 | D:2      | Reached XP level 3. HP: 15/31 MP: 3/3
  1161 | D:2      | Killed Ijyb
  1438 | D:2      | XOM is BORED!
  1449 | D:2      | Found a sparkling altar of Nemelex Xobeh.
  1468 | D:2      | XOM: scenery: 1 doors open
  1513 | D:2      | Noticed Jessica
  1523 | D:2      | Killed Jessica
  1523 | D:2      | Reached skill level 4 in Long Blades
  1523 | D:2      | Reached XP level 4. HP: 40/40 MP: 4/4
  1544 | D:2      | XOM: scenery: 1 doors open
  1628 | D:2      | Found a glowing golden altar of the Shining One.
  1630 | D:2      | Noticed Natasha
  1636 | D:2      | Killed Natasha
  1680 | D:2      | Noticed Robin
  1690 | D:2      | Killed Robin
  1703 | D:2      | XOM: enchant monster (good)
  1706 | D:2      | Reached XP level 5. HP: 22/46 MP: 5/5
  1872 | D:2      | Noticed Natasha
  1884 | D:2      | Killed Natasha
  1964 | D:2      | XOM: stat loss: -1 Int (12/13)
  2099 | D:2      | Noticed Natasha
  2100 | D:2      | Noticed Natasha
  2100 | D:2      | Natasha changed into Natasha the boggart
  2100 | D:2      | XOM: polymorph Natasha -> Natasha the boggart
  2108 | D:2      | XOM: fog
  2110 | D:2      | Killed Natasha the boggart
  2110 | D:2      | Reached skill level 5 in Long Blades
  2443 | D:2      | Found a basalt altar of Yredelemnul.
  2491 | D:2      | XOM: harmless Fire miscast
  2525 | D:2      | XOM: mild Divn miscast
  2619 | D:3      | Reached XP level 6. HP: 51/53 MP: 6/6
  2895 | D:3      | XOM: mild Chrm miscast
  2910 | D:3      | Noticed Sigmund
  2919 | D:3      | Noticed an orc warrior
  2949 | D:3      | XOM: harmless Fire miscast
  2965 | D:3      | XOM: butterfly on damage
  2969 | D:3      | Killed Sigmund
  2969 | D:3      | Reached skill level 5 in Fighting
  2969 | D:3      | Reached skill level 1 in Evocations
  2971 | D:3      | XOM: potion effect (haste)
  2982 | D:3      | Killed an orc warrior
  2982 | D:3      | Your scales start taking on an icy white colour.
  2982 | D:3      | Reached XP level 7. HP: 34/61 MP: 6/8
  2982 | D:3      | Gained mutation: Your flesh is cold resistant. [White Draconian growth]
  3206 | D:3      | XOM: confuse monster(s)
  3207 | D:3      | Reached skill level 6 in Long Blades
  3494 | D:3      | Noticed Grinder
  3505 | D:3      | Killed Grinder
  3505 | D:3      | Reached skill level 1 in Shields
  3506 | D:3      | Found an oddly glowing altar of Pakellas.
  3530 | D:3      | Found a burning altar of Makhleb.
  3532 | D:3      | Noticed an Executioner
  3586 | D:3      | XOM: potion effect (invisibility)
  4061 | D:4      | Found a stormy altar of Qazlal.
  4078 | D:4      | Found a white marble altar of Elyvilon.
  4261 | D:4      | Found a staircase to the Ecumenical Temple.
  4383 | D:4      | XOM: enchant monster (bad)
  4419 | D:4      | XOM: divination: detect creatures
  4422 | D:4      | XOM: butterfly on damage
  4424 | D:4      | Reached XP level 8. HP: 43/70 MP: 10/10
  4874 | D:5      | Entered Level 5 of the Dungeon
  4984 | D:5      | XOM: divination: magic mapping
  5119 | D:5      | Found a blossoming altar of Fedhas.
  5220 | D:5      | Found an opulent altar of Gozag.
  5338 | D:5      | Reached skill level 7 in Long Blades
  5445 | D:5      | XOM: enchant monster (good)
  5635 | D:6      | XOM: polymorph iguana -> worker ant
  5639 | D:6      | XOM: polymorph worker ant -> wasp
  5836 | D:6      | XOM: harmless Fire miscast
  5903 | D:6      | XOM: harmless Necr miscast
  5928 | D:6      | Found a deep blue altar of Sif Muna.
  5958 | D:6      | Found a sacrificial altar of Ru.
  6071 | D:6      | XOM: confuse monster(s)
  6078 | D:6      | XOM: noise
  6083 | D:6      | Reached skill level 5 in Dodging
  6313 | D:6      | XOM: colour smoke trail
  6380 | D:6      | Found a shadowy altar of Dithmenos.
  6446 | D:6      | XOM: mild Chrm miscast
  6498 | D:6      | XOM: mild Air miscast
  6556 | D:6      | XOM: give mutations
  6556 | D:6      | Gained mutation: Your muscles are strong. (Str +2) [Xom's mischief]
  6556 | D:6      | Gained mutation: You are clumsy. (Dex -2) [Xom's mischief]
  6556 | D:6      | Gained mutation: You evolve. [Xom's mischief]
  6810 | D:6      | Reached XP level 9. HP: 52/78 MP: 12/12
  7000 | D:6      | XOM: god gift: battleaxe {god gift}
  7529 | D:7      | Reached skill level 8 in Long Blades
  7571 | D:7      | XOM: 1-stop teleportation journey
  7589 | D:7      | XOM: confusion
  7622 | D:7      | XOM: enchant monster (good)
  7637 | D:7      | XOM: silly message
  7661 | D:7      | XOM: noise
  8016 | D:7      | XOM: medium Erth miscast
  8016 | D:7      | Gained mutation: You have a pair of small horns on your head. [evolution]
  8065 | D:7      | XOM: confusion (+ monsters)
  8377 | D:7      | Reached skill level 5 in Evocations
  8498 | D:7      | XOM: silly message
  8577 | D:8      | Found a shimmering altar of Xom.
  8577 | D:8      | XOM: harmless Pois miscast
  8693 | D:8      | Found a staircase to the Lair.
  8750 | D:8      | Noticed a white ugly thing
  8757 | D:8      | XOM: silly message
  8760 | D:8      | XOM: divination: detect creatures
  8768 | D:8      | XOM: confuse monster(s)
  8827 | D:8      | Reached skill level 9 in Long Blades
  8934 | D:8      | XOM: confuse monster(s)
  8945 | D:8      | XOM: mild Fire miscast
  9015 | D:8      | Reached skill level 5 in Shields
  9027 | D:8      | XOM: potion effect (curing)
  9030 | D:8      | Reached XP level 10. HP: 47/86 MP: 14/14
  9056 | D:8      | XOM: harmless Ice miscast
  9096 | D:8      | XOM: confuse monster(s)
  9102 | D:8      | XOM: smoke on damage
  9472 | D:8      | XOM: mild Pois miscast
  9476 | D:8      | XOM: divination: detect items
  9482 | D:8      | Killed a white ugly thing
  9483 | D:8      | XOM: summons 5 hostile demons
  9566 | D:8      | HP: 2/86 [wyvern zombie (13)]
  9585 | D:8      | Gained mutation: Your large and strong wings let you fly indefinitely. [evolution]
  9865 | D:8      | XOM: harmless Pois miscast
  9941 | D:8      | XOM: destruction
 10349 | D:8      | XOM: vitrification
 10670 | D:9      | Found a staircase to the Orcish Mines.
 10683 | D:9      | Reached skill level 10 in Long Blades
 10746 | D:9      | XOM: god gift: robe {god gift}
 10829 | D:9      | XOM: scenery: 1 doors open
 10836 | D:9      | XOM: confuse monster(s)
 10838 | D:9      | XOM: confuse monster(s)
 10841 | D:9      | XOM: summons 2 hostile shadow creatures
 11189 | D:9      | XOM: vitrification
 11220 | D:9      | XOM: harmless Conj miscast
 11229 | D:9      | Gained mutation: You have large cloven feet. [mutagenic meat]
 11230 | D:9      | Gained mutation: Your flesh is very cold resistant. [mutagenic meat]
 11231 | D:9      | Gained mutation: You are frail (-10% HP). [mutagenic meat]
 11232 | D:9      | Gained mutation: Your spells are a little easier to cast, but a little less powerful. [mutagenic meat]
 11709 | D:9      | XOM: silly message
 11858 | D:9      | Found a glowing silver altar of Zin.
 11913 | D:10     | Entered Level 10 of the Dungeon
 11913 | D:10     | Found Eklotanym's Antique Weapon Emporium.
 11913 | D:10     | Noticed a hill giant
 11916 | D:10     | XOM: enchant monster (bad)
 11963 | D:10     | XOM: noise
 11969 | D:10     | XOM: confuse monster(s)
 12061 | D:10     | Killed a hill giant
 12170 | D:10     | Bought a warped rapier for 288 gold pieces
 12170 | D:10     | Identified the cursed +0 rapier "Tokoet" {venom, rC- MR- Int+4 Dex+6} (You bought it in a shop on level 10 of the Dungeon)
 12183 | D:10     | Found a stormy altar of Qazlal.
 12195 | D:10     | Noticed Urug
 12201 | D:10     | XOM: mild Ice miscast
 12204 | D:10     | XOM: summons friendly ufetubus
 12204 | D:10     | XOM: butterfly on damage
 12205 | D:10     | Killed Urug
 12285 | D:10     | XOM: colour smoke trail
 12294 | D:10     | Reached XP level 11. HP: 56/84 MP: 15/15
 12599 | D:10     | XOM: 1-stop teleportation journey
 12723 | D:10     | Gained mutation: Your body sometimes deteriorates upon taking damage. [potion of mutation]
 12723 | D:10     | Lost mutation: You have large cloven feet. [potion of mutation]
 13287 | D:10     | Noticed a hill giant
 13296 | D:10     | Killed a hill giant
 13320 | D:10     | XOM: confusion
 13768 | D:11     | XOM: harmless Divn miscast
 13803 | D:11     | XOM: scenery: create altars
 13807 | D:11     | XOM: divination: detect creatures
 13814 | D:11     | XOM: summons 3 friendly demons
 13815 | D:11     | XOM: fake destruction
 13985 | D:11     | XOM: vitrification
 13999 | D:11     | Reached skill level 11 in Long Blades
 13999 | D:11     | Reached skill level 1 in Throwing
 14083 | D:11     | XOM: god gift: rapier {god gift}
 14188 | D:11     | XOM: harmless Erth miscast
 14189 | D:11     | XOM: enchant monster (good)
 14230 | D:11     | XOM: colour smoke trail
 14356 | D:11     | XOM: noise
 14360 | D:11     | XOM: polymorph ogre -> spriggan
 14362 | D:11     | XOM: summons friendly crimson imp
 14365 | D:11     | XOM: cast spell 'Ring of Flames'
 14535 | D:11     | XOM: torment (48/85 hp)
 14603 | D:11     | XOM: butterfly on damage
 14635 | D:11     | XOM: colour smoke trail
 15014 | D:11     | XOM: mild Tloc miscast
 15017 | D:11     | Gained mutation: Your tail ends in a poisonous barb. [evolution]
 15140 | D:11     | XOM: noise
 15189 | D:11     | XOM: silly message
 15211 | D:11     | XOM: silly message
 15215 | D:11     | XOM: enchant monster (bad)
 15222 | D:11     | XOM: summons friendly crimson imp
 15251 | D:10     | XOM: harmless Summ miscast
 15401 | D:11     | XOM: polymorph yak -> raiju
 15511 | D:10     | XOM is BORED!
 15511 | D:10     | XOM: mild Divn miscast
 15638 | D:11     | XOM: cast spell 'Olgreb's Toxic Radiance'
 15894 | D:11     | XOM: harmless Necr miscast
 16125 | D:11     | XOM: cast spell 'Ice Form'
 16600 | D:12     | Noticed a death knight
 16615 | D:12     | XOM: harmless Pois miscast
 16625 | D:12     | XOM: divination: magic mapping
 16806 | D:12     | XOM: divination: magic mapping
 16821 | D:12     | XOM: swap monsters
 16823 | D:12     | Reached XP level 12. HP: 79/93 MP: 17/17
 16825 | D:12     | Killed a death knight
 16825 | D:12     | XOM: divine lightning (protected)
 16864 | D:12     | XOM: divination: detect creatures
 16964 | D:12     | XOM: vitrification
 17041 | D:12     | XOM: give mutations
 17041 | D:12     | Lost mutation: You evolve. [Xom's grace]
 17041 | D:12     | Gained mutation: You are somewhat resistant to further mutation. [Xom's grace]
 17041 | D:12     | Gained mutation: You have supernaturally acute eyesight. [Xom's grace]
 17041 | D:12     | Gained mutation: You possess an exceptional clarity of mind. [Xom's grace]
 17046 | D:12     | Vulkandrache: is there a reason why you never use you breath?
 17068 | D:12     | namelastname112: i'm lazy and white breath isn't that good
 17136 | D:12     | XOM: god gift: 35 gold pieces
 17233 | D:12     | XOM: 4-stop teleportation journey
 17241 | D:12     | XOM: god gift: potion of curing
 17298 | D:12     | XOM: god gift: 710 gold pieces
 17341 | D:12     | Noticed an eight-headed hydra
 17394 | D:12     | XOM: divine lightning
 17586 | D:12     | XOM: enchant monster (good)
 17587 | D:12     | XOM: summons friendly quasit
 17588 | D:12     | XOM: noise
 17594 | D:12     | XOM: potion effect (agility)
 17607 | D:12     | XOM: harmless Chrm miscast
 17628 | D:12     | XOM: mild Erth miscast
 17638 | D:12     | XOM: polymorph eight-headed hydra -> eight-headed hydra
 17642 | D:12     | Noticed a great orb of eyes
 17642 | D:12     | an eight-headed hydra changed into a great orb of eyes
 17642 | D:12     | XOM: polymorph eight-headed hydra -> great orb of eyes
 17645 | D:12     | Paralysed by a great orb of eyes for 5 turns
 17649 | D:12     | XOM: mild Necr miscast
 17654 | D:12     | Killed a great orb of eyes
 17656 | D:12     | XOM: mild Summ miscast
 18000 | D:12     | XOM: give mutations
 18000 | D:12     | Gained mutation: Your tail ends in a sharp poisonous barb. [Xom's grace]
 18000 | D:12     | Gained mutation: Your muscles are very strong. (Str +4) [Xom's grace]
 18021 | D:12     | XOM: harmless Summ miscast
 18124 | D:12     | XOM: medium Ice miscast
 18271 | D:13     | XOM: give mutations
 18271 | D:13     | Lost mutation: Your flesh is very cold resistant. [Xom's mischief]
 18271 | D:13     | Gained mutation: You are very clumsy. (Dex -4) [Xom's mischief]
 18271 | D:13     | Lost mutation: You possess an exceptional clarity of mind. [Xom's mischief]
 18358 | D:13     | Reached skill level 5 in Throwing
 18377 | D:13     | Found a labyrinth entrance.
 18390 | D:13     | XOM: silly message
 18397 | D:13     | Noticed Kirke
 18401 | Lab      | Entered a labyrinth
 18475 | Lab      | XOM: colour smoke trail
 18777 | Lab      | XOM: medium Fire miscast
 18785 | Lab      | XOM: severe Erth miscast
 19050 | Lab      | XOM: colour smoke trail
 19085 | Lab      | XOM: blink monster(s)
 19174 | Lab      | XOM: give mutations
 19174 | Lab      | Lost mutation: Your tail ends in a sharp poisonous barb. [Xom's mischief]
 19174 | Lab      | Lost mutation: You have a pair of small horns on your head. [Xom's mischief]
 19290 | Lab      | XOM: colour smoke trail
 19430 | Lab      | Vulkandrache: thats bullshit
 19534 | Lab      | XOM: confusion
 19570 | Lab      | XOM: stat loss: -1 Str (19/20)
 19640 | Lab      | HP: 4/95 [poisoned by a redback]
 19646 | Lab      | HP: 3/95 [poisoned by a redback]
 19654 | Lab      | HP: 2/95 [poisoned by a redback]
 19662 | Lab      | HP: 2/95 [poisoned by a redback]
 20052 | Lab      | XOM: medium Ice miscast
 20066 | Lab      | XOM: vitrification
 20089 | Lab      | Vulkandrache: is that labyrinth that crazy because you got xom? ive never seen anything even close
 20091 | Lab      | namelastname112: doubt it
 20157 | Lab      | Noticed a minotaur
 20163 | Lab      | XOM: swap monsters
 20173 | Lab      | XOM: 5-stop teleportation journey
 20213 | Lab      | Noticed a death knight
 20215 | Lab      | XOM: divine lightning (protected)
 20240 | Lab      | XOM: harmless Conj miscast
 20244 | Lab      | XOM: mild Summ miscast
 20247 | Lab      | XOM: cast spell 'Call Canine Familiar'
 20259 | Lab      | Slain by a flayed ghost

Vault maps used:
D:1:      dpeg_arrival_connections, supply_closet_lemuel
D:2:      nemelex_deck, yredelemnul_forgotten_temple_becter, old_standard_altar,
          nrook_loot_triangle, uniq_jessica, uniq_robin, uniq_natasha, uniq_iyjb
D:3:      grunt_pakellas_mercury, makhleb_altar_promises_db, uniq_sigmund,
          uniq_grinder
D:4:      nicolae_overflow_crystal_walls, overflow_temple_1_default,
          minmay_temple_entry_fiery
D:5:      fedhas_altar_4, grunt_gozag_breadcrumbs, first_bread
D:6:      kennysheep_mini, lemuel_doored_altar, kennysheep_little_box,
          kennysheep_generic_room_7
D:7:      hex_medium, the_bakery, grunt_ministairs_12
D:8:      xom_teletrap_fun, lair_0_dummy, serial_undead, serial_undead_d,
          serial_undead_c, serial_undead_b, serial_undead_d, serial_undead_f,
          serial_undead_c, serial_undead_e, serial_undead_f, serial_undead_d,
          serial_undead_d, minmay_tree_intersection, serial_park_tiny_1
D:9:      overflow_temple_1_default, david_orc_3, corexii_corridor_pit
D:10:     serial_shops, shop_statue, nicolae_qazlal_style_of_elements, uniq_urug
D:11:     minmay_strange_pillars, kennysheep_generic_room_16
D:13:     david_vaults_2, lab_entry_generic, minmay_statue_bubble, uniq_kirke
Lab:      labyrinth_watery, nicolae_lab_blocks, nicolae_lab_grate_2,
          nicolae_lab_statue, nicolae_lab_starburst, labyrinth_skeletal_remains,
          nicolae_lab_lava, nicolae_lab_swirl, nicolae_lab_stuck,
          nicolae_lab_checkerboard, nicolae_lab_do_over, nicolae_lab_quarters

Skill      XL: |  1  2  3  4  5  6  7  8  9 10 11 12 |
---------------+-------------------------------------+-----
Long Blades    | 4 5 6 7 9 10 11 | 11.5
Fighting       | 4 5 6 7 8 9 |  9.8
Dodging        | 3 4 5 6 7 8 |  8.5
Evocations     | 2 3 4 5 6 7 8 |  8.3
Shields        | 1 3 5 6 7 8 |  8.2
Throwing       | 3 5 |  5.3

Action                   |  1- 3 |  4- 6 |  7- 9 | 10-12 || total
-------------------------+-------+-------+-------+-------++-------
Melee: Falchion          |    78 |   151 |   520 |       ||   749
       Scimitar          |       |       |    12 |   844 ||   856
Throw: Tomahawk          |       |       |       |     3 ||     3
 Abil: Evoke Berserk Rag |       |     1 |     2 |    23 ||    26
       Breathe Frost     |       |       |     7 |     3 ||    10
       Fly               |       |       |       |     1 ||     1
Evoke: Deck              |     3 |     6 |       |     7 ||    16
       Wand              |       |       |     1 |    19 ||    20
       Lamp of fire      |       |       |       |     1 ||     1
  Use: Potion            |       |     3 |       |    10 ||    13
       Scroll            |       |       |       |    27 ||    27
 Stab: Petrifying        |       |     1 |     1 |       ||     2
       Sleeping          |       |     1 |       |       ||     1
       Confused          |       |       |     3 |     8 ||    11
       Paralysed         |       |       |     8 |       ||     8
  Eat: Chunk             |     2 |     4 |    25 |    29 ||    60
       Pizza             |       |       |     2 |       ||     2
       Beef jerky        |       |       |     1 |     2 ||     3
       Meat ration       |       |       |     1 |     5 ||     6
       Bread ration      |       |       |       |     9 ||     9
